 Dungeon Crawl Stone Soup version 0.30.1-4-g462c640d31 (webtiles) character file.

Game seed: 11299408408886034733

79372 LynnLen the Unseen (level 15, 0/78 HPs)
             Began as a Spriggan Enchanter on Aug 25, 2023.
             Was a High Priest of Dithmenos.
             Shot with a bolt by a yaktaur (13 damage)
             ... on level 13 of the Dungeon.
             The game lasted 01:56:09 (32793 turns).

LynnLen the Unseen (Spriggan Enchanter)            Turns: 32793, Time: 01:56:09

Health: 0/78       AC: 11    Str: 10    XL:     15   Next: 20%
Magic:  29/32      EV: 25    Int: 25    God:    Dithmenos [*****.]
Gold:   1298       SH:  0    Dex: 15    Spells: 8/39 levels left

rFire   + . .        C - +7 dagger (elec)
rCold   . . .        (no shield)
rNeg    . . .        l - +1 steam dragon scales
rPois   .            v - +2 hat {Will+}
rElec   .            E - +2 cloak
rCorr   .            (gloves unavailable)
SInv    +            (boots unavailable)
Will    +++..        (no amulet) Stlth **++++++++
                     L - ring of protection from fire
HPRegen 0.33/turn    D - +6 ring of strength
MPRegen 0.23/turn

%: no passive effects
@: wreathed by umbra, very quick
A: very small, no large weapons, unfitting armour, see invisible, speed 3
a: Renounce Religion, Shadow Step, Shadow Form


You were on level 13 of the Dungeon.
You worshipped Dithmenos.
Dithmenos was extremely pleased with you.
You visited 4 branches of the dungeon, and saw 21 of its levels.
You also visited: Ossuary and Gauntlet.

You collected 3036 gold pieces.
You spent 1738 gold pieces at shops.

Inventory:

Hand Weapons
 b - a +4 mace
 C - a +7 dagger of electrocution (weapon)
 F - a -1 demon whip of venom
Missiles
 q - a throwing net
Armour
 l - +1 steam dragon scales (worn)
 v - a +2 hat of willpower (worn)
 z - a +1 robe of willpower
 A - a +2 robe of cold resistance
 E - a +2 cloak (worn)
Jewellery
 D - a +6 ring of strength (right hand)
 G - a ring of flight
 L - a ring of protection from fire (left hand)
 P - a ring of positive energy
Wands
 f - a wand of charming (23)
 n - a wand of flame (29)
 s - a wand of polymorph (3)
 J - a wand of mindburst (10)
 N - a wand of digging (6)
 Q - a wand of quicksilver (13)
Scrolls
 d - 5 scrolls of identify
 i - 11 scrolls of teleportation
 k - 3 scrolls of poison
 p - a scroll of immolation
 r - 5 scrolls of fear
 t - 5 scrolls of amnesia
 x - 6 scrolls of magic mapping
 y - a scroll of torment
 H - 3 scrolls of fog
 K - a scroll of blinking
 O - 4 scrolls of vulnerability
 R - a scroll of enchant weapon
Potions
 a - 2 potions of attraction
 c - 4 potions of cancellation
 e - 7 potions of lignification
 g - 3 potions of haste
 h - 5 potions of brilliance
 j - 4 potions of flight
 m - 4 potions of resistance
 o - a potion of magic
 u - 9 potions of curing
 w - 2 potions of berserk rage
 B - 5 potions of ambrosia
 I - 3 potions of might
Miscellaneous
 M - a phantom mirror


   Skills:
 + Level 8.7 Fighting
 - Level 10.0 Short Blades
 + Level 13.5 Dodging
 * Level 19.6 Stealth
 + Level 12.6 Spellcasting
 - Level 2.0 Conjurations
 * Level 14.5 Hexes
 - Level 3.0 Ice Magic
 + Level 7.0 Invocations


You had 8 spell levels left.
You knew the following spells:

 Your Spells              Type           Power      Damage    Failure   Level
a - Ensorcelled Hibernat  Hex/Ice        100%       N/A       1%          2
b - Confusing Touch       Hex            73%        N/A       1%          3
c - Tukima's Dance        Hex            73%        N/A       1%          3
d - Enfeeble              Hex            36%        N/A       9%          7
e - Cause Fear            Hex            36%        N/A       1%          4
f - Discord               Hex            36%        N/A       54%         8
g - Fulminant Prism       Conj/Hex       27%        3d14      1%          4

Your spell library contained the following spells:

 Spells                   Type           Power      Damage    Failure   Level
 Magic Dart               Conj           100%       1d8       1%          1
 Dazzling Flash           Conj/Hex       100%       N/A       1%          3
 Anguish                  Hex/Necr       25%        N/A       1%          4
 Searing Ray              Conj           50%        2d6       2%          2
 Apportation              Tloc           30%        N/A       3%          1
 Necrotise                Necr           60%        1d7       3%          1
 Summon Small Mammal      Summ           60%        N/A       3%          1
 Frozen Ramparts          Ice            60%        1d10      3%          3
 Cigotuvi's Dreadful Rot  Necr/Pois/Air  30%        N/A       6%          2
 Lesser Beckoning         Tloc           30%        N/A       6%          2
 Gell's Gravitas          Tloc           15%        N/A       12%         3
 Ignite Poison            Fire/Tmut/Pois 15%        N/A       12%         3
 Teleport Other           Tloc           15%        N/A       12%         3
 Ice Form                 Ice/Tmut       23%        N/A       21%         4
 Summon Ice Beast         Ice/Summ       23%        N/A       21%         4
 Iskenderun's Battlesphe  Conj           25%        2d8       41%         5
 Freezing Cloud           Conj/Ice/Air   12%        6-21      47%         5
 Fireball                 Conj/Fire      10%        3d6       56%         5
 Conjure Ball Lightning   Conj/Air       10%        3x3d6     98%         6
 Orb of Destruction       Conj           12%        9d7       100%        7
 Disjunction              Tloc           7%         N/A       100%        8


Dungeon Overview and Level Annotations

Branches:
Dungeon (13/15)            Temple (1/1) D:5            Lair (5/5) D:10
 Shoals (0/4) Lair:3       Spider (0/4) Lair:2        Slime (0/5) Lair:4
    Orc (2/2) D:10            Elf (0/3) Orc:2       Ossuary (visited)
Gauntlet (visited)
 Vaults: D:13-14

Altars:
Ashenzari
Cheibriados
Dithmenos
Elyvilon
Fedhas
Gozag
Hepliaklqana
Kikubaaqudgha
Makhleb
Nemelex Xobeh
Okawaru
Qazlal
Ru
Sif Muna
Trog
Uskayaw
Vehumet
Wu Jian
Xom
Yredelemnul
Zin
The Shining One
Jiyva

Shops:
D:6 *   D:8 ?:!   D:11 [   D:13 =   Orc:2 ?[[[

Annotations:
D:8 2 transporters
D:13 2 transporters, Kirke
Lair:4 exclusion: 2 oklob plants


Innate Abilities, Weirdness & Mutations

You are very small and have problems with some larger weapons.
You are too small for most types of armour.
You have supernaturally acute eyesight. (SInv)
You cover ground extremely quickly. (Speed+++)


Message History

Okay, then.
There is an open door here.
The slime creature quivers.
The centaur warrior shouts!
You hear a horrible gurgling sound!
You hear a roar!
You see here 3 poisoned darts.
R - a scroll of enchant weapon You see here a +2 leather armour of willpower.
You now have 1285 gold pieces (gained 13).
You open the door.
There is an open door here.
You now have 1298 gold pieces (gained 13).
You open the door.
There is an open door here.
You open the door.
There is an open door here.
You open the door.
There is an open door here.
Things that are here:
7 stones; a +0 shortbow A yaktaur comes into view.
A yaktaur is nearby!
You enter the shallow water.
Moving in this stuff is going to be slow.
You enter the shallow water.
Moving in this stuff is going to be slow.
The yaktaur shouts!
The yaktaur wields a +0 arbalest.
The yaktaur shoots a bolt.
The bolt hits you!!
You emit a cloud of dark smoke.
The deep elf knight shouts!
The yaktaur shoots a bolt.
The bolt hits you!
Aiming: Tukima's Dance (safe; 1% risk of failure)
Press: ? - help, Q - select action, (/) - cycle Shift-Dir - straight line, f - deep elf knight
Aim: a deep elf knight, wielding a +0 long sword (umbra, chance to affect: 30%)
The deep elf knight easily resists.
The deep elf knight points at you and mumbles some strange words.
The shard of ice hits you!!
* * * LOW HITPOINT WARNING * * *
The yaktaur shoots a bolt.
The bolt hits you!
You die...

.........# #.# #......# #.
(........# #.# #......# #.
).O.(O...# #.# #......# #.
.........# #.# #......# #.
#####....# #.# #......#####.
....#.<..#####.# #............
....#..........#+####......###'##
....#...........§§§§.......#<....
....#...#.~~~~..@§§§~~~....#.....
#'###....~≈≈≈≈~.§.§§≈≈≈~...#.....
........~≈≈≈≈≈~...~≈≈≈≈≈~..#.....
......>.≈≈≈≈≈≈~...~≈≈≈≈≈≈..######
.......###pe###+++###oc###.......
.......# ...# #...##.......
.......# . .# #...##.......
.......# # #...##....... ########
## #.......


You could see a vault guard (wandering), an orc knight, a deep elf knight and a
yaktaur.

Vanquished Creatures
  Rupert (D:13)
  Nessos (D:13)
  Snorg (D:13)
  3 ogre magi (Orc:2)
  Erolcha (D:10)
  5 hydras
  3 boulder beetles
  4 catoblepae
  Erica (D:8)
  3 centaur warriors
  15 two-headed ogres
  12 death yaks
  4 skysharks
  Lodul (D:13)
  Amaemon (D:10)
  An orc sorcerer (Orc:1)
  2 ugly things (D:13)
  A deep elf pyromancer (D:13)
  2 manticores (Lair:5)
  6 elephants (Lair:4)
  3 cyclopes
  4 black mambas
  A water nymph (Lair:3)
  12 cane toads
  An orange demon (D:10)
  An unseen horror (D:10)
  4 rime drakes
  5 komodo dragons
  2 polar bears
  5 trolls
  Prince Ribbit (D:6)
  9 blink frogs
  A hornet (D:7)
  6 slime creatures (D:13)
  A flying skull (Gauntlet)
  A shadow (D:11)
  A vampire (D:13)
  6 wraiths
  64 yaks
  3 basilisks
  4 vampire mosquitoes
  2 steam dragons (D:7)
  8 wyverns
  2 wargs (Orc:2)
  16 water moccasins
  2 acid dragons (D:8)
  Duvessa (D:5)
  6 orc warriors
  A sky beast (D:6)
  2 ice beasts
  A black bear (Lair:1)
  10 wolves
  22 ogres
  7 centaurs
  3 phantoms
  5 kobold brigands
  A gnoll sergeant (D:7)
  7 bullfrogs
  Blork the orc (D:5)
  4 scorpions
  6 wights (D:9)
  Dowan (D:5)
  2 howler monkeys (D:9)
  3 crimson imps (D:4)
  A centaur zombie (D:7)
  3 hounds
  3 sleepcaps
  9 orc priests
  3 jellies
  5 iguanas
  20 orc wizards
  8 mummies (Ossuary)
  9 gnolls
  5 adders
  3 shadow imps
  A white imp (D:7)
  3 ufetubi
  A worm (D:3)
  2 dart slugs
  55 orcs
  3 endoplasms
  4 giant cockroaches
  A gnoll zombie (Ossuary)
  7 goblins
  8 hobgoblins
  4 jackals (D:2)
  23 kobolds
  A quokka (D:5)
  7 ball pythons
  11 bats
  5 frilled lizards
  3 hobgoblin zombies (Ossuary)
  2 kobold zombies (Ossuary)
  2 orc zombies (Ossuary)
  2 rats (D:2)
530 creatures vanquished.

Vanquished Creatures (collateral kills)
  Gastronok (D:8)
  An ogre mage (Orc:2)
  5 two-headed ogres (Orc:2)
  11 ogres
  4 centaurs
  A wight (D:9)
  A crimson imp (D:4)
24 creatures vanquished.

Vanquished Creatures (others)
  14 dancing weapons
14 creatures vanquished.

Grand Total: 568 creatures vanquished

Notes
Turn   | Place    | Note
-------+----------+-------------------------------------------
     0 | D:1      | LynnLen the Spriggan Enchanter began the quest for the Orb.
     0 | D:1      | Reached XP level 1. HP: 9/9 MP: 5/5
   351 | D:1      | Reached XP level 2. HP: 13/13 MP: 6/6
   354 | D:1      | Learned a level 2 spell: Ensorcelled Hibernation
  1454 | D:2      | Reached XP level 3. HP: 17/17 MP: 8/8
  1740 | D:2      | Reached XP level 4. HP: 16/21 MP: 1/9
  1823 | D:1      | Learned a level 3 spell: Confusing Touch
  1827 | D:1      | Learned a level 3 spell: Tukima's Dance
  2017 | D:2      | Found a faded altar of an unknown god.
  2493 | D:3      | Found a bloodstained altar of Trog.
  2637 | D:3      | Reached skill level 5 in Stealth
  2739 | D:3      | Found a snail-covered altar of Cheibriados.
  2817 | D:3      | Reached skill level 1 in Fighting
  3077 | D:3      | Reached XP level 5. HP: 22/25 MP: 5/10
  3337 | D:3      | Reached skill level 1 in Ice Magic
  3567 | D:3      | Noticed a water moccasin
  3574 | D:3      | Killed a water moccasin
  3575 | D:3      | Reached skill level 5 in Hexes
  3575 | D:3      | Reached XP level 6. HP: 30/30 MP: 12/12
  3740 | D:4      | Found a shimmering blue altar of Sif Muna.
  3796 | D:4      | Found a shimmering altar of Xom.
  4191 | D:4      | Reached XP level 7. HP: 21/34 MP: 1/14
  4613 | D:4      | Reached skill level 6 in Stealth
  5211 | D:5      | Entered Level 5 of the Dungeon
  5328 | D:5      | Noticed Blork the orc
  5334 | D:5      | Killed Blork the orc
  5449 | D:5      | Found a staircase to the Ecumenical Temple.
  5462 | Temple   | Entered the Ecumenical Temple
  5568 | Temple   | Became a worshipper of Dithmenos the Shadowed
  5741 | D:5      | Noticed Duvessa
  5750 | D:5      | Noticed Dowan
  5757 | D:5      | Killed Duvessa
  5758 | D:5      | Reached XP level 8. HP: 39/39 MP: 14/16
  5760 | D:5      | Killed Dowan
  5778 | D:5      | Reached skill level 5 in Short Blades
  5778 | D:5      | Reached skill level 5 in Dodging
  6051 | D:5      | Reached skill level 7 in Stealth
  6402 | D:5      | Reached skill level 5 in Spellcasting
  7091 | D:6      | Reached * piety under Dithmenos
  7261 | D:6      | Noticed Prince Ribbit
  7280 | D:6      | Killed Prince Ribbit
  7281 | D:6      | Reached XP level 9. HP: 44/44 MP: 12/18
  7592 | D:6      | Found a sparkling altar of Nemelex Xobeh.
  7622 | D:6      | Found Vinlon's Assorted Antiques.
  7625 | D:6      | Bought a scroll of identify for 48 gold pieces
  7625 | D:6      | Bought a scroll labelled GAFUCR GASSURELEE for 24 gold
                  | pieces
  7625 | D:6      | Bought a smoky red potion for 21 gold pieces
  7625 | D:6      | Bought a viscous green potion for 21 gold pieces
  7838 | D:7      | Reached skill level 8 in Stealth
  7846 | D:7      | Found a sand-covered staircase.
  7855 | Ossuary  | Entered an ossuary
  8527 | D:7      | Reached ** piety under Dithmenos
  9242 | D:7      | Found a blossoming altar of Fedhas.
  9712 | D:7      | Reached skill level 9 in Stealth
  9803 | D:8      | Found an ornate altar of the Wu Jian Council.
  9804 | D:8      | Found Litedd's Magic Scroll Shoppe.
  9892 | D:8      | Reached *** piety under Dithmenos
  9923 | D:8      | Noticed Erica
 10168 | D:8      | Reached XP level 10. HP: 49/49 MP: 18/21
 10258 | D:8      | Bought a scroll of identify for 20 gold pieces
 10258 | D:8      | Bought a scroll of identify for 20 gold pieces
 10258 | D:8      | Bought a scroll of identify for 20 gold pieces
 10337 | D:8      | Bought a scroll of identify for 20 gold pieces
 10389 | D:8      | Found a transporter.
 10403 | D:8      | Found a transporter.
 10403 | D:8      | Noticed a boulder beetle
 10537 | D:8      | Killed Erica
 10653 | D:8      | Found Yhutoul's Distillery.
 10661 | D:8      | Bought a potion of attraction for 39 gold pieces
 10661 | D:8      | Bought a potion of ambrosia for 104 gold pieces
 10661 | D:8      | Bought a potion of ambrosia for 104 gold pieces
 10686 | D:8      | Found Burry's Book Boutique.
 10771 | D:8      | Noticed Gastronok
 10791 | D:8      | Killed Gastronok
 10792 | D:8      | Reached skill level 10 in Stealth
 10823 | D:8      | Found a white marble altar of Elyvilon.
 11302 | D:9      | Found a glowing golden altar of the Shining One.
 11302 | D:9      | Found a broken altar of Ashenzari.
 11444 | D:9      | Noticed a two-headed ogre
 11468 | D:9      | Killed a two-headed ogre
 11469 | D:9      | Reached skill level 5 in Fighting
 12293 | D:9      | Found a glowing silver altar of Zin.
 12343 | D:10     | Entered Level 10 of the Dungeon
 12471 | D:10     | Reached XP level 11. HP: 56/56 MP: 24/24
 12487 | D:10     | Found a staircase to the Lair.
 12490 | D:10     | Reached skill level 10 in Short Blades
 12508 | D:10     | Reached skill level 11 in Stealth
 12513 | D:10     | Reached **** piety under Dithmenos
 13031 | D:10     | Noticed Erolcha
 13081 | D:10     | Killed Erolcha
 13094 | D:10     | Reached skill level 12 in Stealth
 13131 | D:10     | Noticed Amaemon
 13230 | D:10     | Found a staircase to the Orcish Mines.
 13391 | D:10     | Found an ancient bone altar of Kikubaaqudgha.
 13391 | D:10     | Found a hazy altar of Hepliaklqana.
 13394 | D:10     | Found an opulent altar of Gozag.
 13676 | D:10     | Killed Amaemon
 13847 | Lair:1   | Entered Level 1 of the Lair of Beasts
 13876 | Lair:1   | Found a gate leading to a gauntlet.
 13885 | Lair:1   | Reached skill level 10 in Dodging
 13895 | Gauntlet | Entered a Gauntlet
 13895 | Gauntlet | Noticed a soul eater
 13895 | Gauntlet | Found a transporter.
 13904 | Gauntlet | Found a transporter.
 13906 | Gauntlet | Found a transporter.
 13932 | Gauntlet | Found a transporter.
 13950 | Gauntlet | Found a transporter.
 13952 | Gauntlet | Found a transporter.
 13954 | Gauntlet | Noticed a wretched star
 13970 | Gauntlet | Found a transporter.
 13984 | Gauntlet | Found a transporter.
 13991 | Gauntlet | Noticed a death scarab
 13992 | Gauntlet | Noticed a sun demon
 13993 | Gauntlet | Found a transporter.
 13996 | Gauntlet | Noticed a death scarab
 13997 | Gauntlet | Found a runed translucent door.
 14002 | Gauntlet | Found a runed translucent door.
 14003 | Gauntlet | Found the +8 frozen axe "Frostbite" {freeze, freezing
                  | cloud, *Noise Fly rC+}
 14004 | Gauntlet | Found a transporter.
 14006 | Gauntlet | Found a runed translucent door.
 14019 | Gauntlet | Found a transporter.
 14046 | Gauntlet | Found a transporter.
 14220 | Gauntlet | Found a transporter.
 14339 | Gauntlet | Identified the +5 battleaxe of the Ring {pain, *Rage rC+
                  | rN+}
 14339 | Gauntlet | Noticed a minotaur
 14366 | Gauntlet | Identified the +0 mace of Unoash {flame, rPois Will+++
                  | rCorr Str-3}
 14472 | Lair:1   | Learned a level 7 spell: Enfeeble
 14477 | Lair:1   | Learned a level 4 spell: Cause Fear
 14736 | Lair:1   | Reached skill level 13 in Stealth
 14768 | Lair:1   | Noticed a boulder beetle
 14775 | Lair:1   | Killed a boulder beetle
 14998 | Lair:1   | Reached skill level 1 in Invocations
 15262 | Lair:1   | Reached XP level 12. HP: 62/62 MP: 16/26
 15331 | Lair:1   | Noticed a boulder beetle
 15342 | Lair:1   | Killed a boulder beetle
 15793 | Lair:2   | Reached skill level 14 in Stealth
 15861 | Lair:2   | Noticed a catoblepas
 15942 | Lair:2   | Noticed a death yak
 15964 | Lair:1   | Reached skill level 10 in Spellcasting
 16043 | Lair:2   | Noticed a death yak
 16055 | Lair:2   | Noticed a death yak
 16061 | Lair:2   | Noticed a death yak
 16162 | Lair:2   | Found a hole to the Spider Nest.
 16607 | Lair:1   | Reached skill level 10 in Hexes
 17146 | Lair:3   | Identified the +5 morningstar of Joul {distort, Stlth+}
 17465 | Lair:3   | Reached skill level 15 in Stealth
 17994 | Lair:4   | Noticed a death yak
 17994 | Lair:4   | Noticed a death yak
 17996 | Lair:4   | Noticed a death yak
 17996 | Lair:4   | Noticed a death yak
 18157 | Lair:4   | Noticed a five-headed hydra
 18174 | Lair:4   | Noticed a four-headed hydra
 18182 | Lair:4   | Killed a four-headed hydra
 18258 | Lair:4   | Noticed an eight-headed hydra
 18262 | Lair:4   | Found a staircase to the Slime Pits.
 18413 | Lair:3   | Killed a five-headed hydra
 18414 | Lair:3   | Reached XP level 13. HP: 67/67 MP: 25/28
 18896 | Lair:4   | Found a viscous altar of Jiyva.
 19344 | D:8      | Bought a book of Chaos for 650 gold pieces
 19353 | D:8      | Learned a level 8 spell: Discord
 19740 | Lair:2   | Reached skill level 16 in Stealth
 20616 | Lair:5   | Entered Level 5 of the Lair of Beasts
 21088 | Lair:5   | Reached ***** piety under Dithmenos
 21132 | Lair:5   | Reached skill level 5 in Invocations
 21420 | Lair:5   | Reached skill level 17 in Stealth
 21825 | Lair:5   | Learned a level 4 spell: Fulminant Prism
 23856 | Lair:2   | Reached XP level 14. HP: 72/72 MP: 30/30
 24677 | Lair:1   | Identified the +1 scale mail of the Heron {rC+++ Will-
                  | Int+3}
 24762 | Lair:2   | Reached skill level 1 in Conjurations
 25809 | Orc:1    | Entered Level 1 of the Orcish Mines
 26016 | Orc:2    | Entered Level 2 of the Orcish Mines
 26045 | Orc:2    | Found a staircase to the Elven Halls.
 26774 | Orc:2    | Reached skill level 18 in Stealth
 26774 | Orc:2    | Found Vappis's Antique Armour Emporium.
 26774 | Orc:2    | Found Lusarim's Antique Armour Boutique.
 28092 | Orc:2    | Found Rudobb's Magic Scroll Shoppe.
 28092 | Orc:2    | Found Kykkock's Antique Armour Boutique.
 28683 | Orc:2    | Bought a shiny orb for 348 gold pieces
 28690 | Orc:2    | Bought a glowing hat for 203 gold pieces
 28696 | Orc:2    | Bought a scroll of identify for 32 gold pieces
 28696 | Orc:2    | Bought a scroll of identify for 32 gold pieces
 28696 | Orc:2    | Bought a scroll of identify for 32 gold pieces
 29599 | D:11     | Found Nitem's Antique Armour Shop.
 29931 | D:11     | Reached skill level 19 in Stealth
 30102 | D:11     | Identified the +9 plate armour of the Many Baking Seers
                  | {rF++ rN+}
 31485 | D:13     | Noticed Snorg
 31491 | D:13     | Killed Snorg
 31492 | D:13     | Reached XP level 15. HP: 78/78 MP: 32/32
 31691 | D:13     | Found Umidunwel's One-of-a-Kind Rings.
 31734 | D:13     | Noticed Nessos
 31766 | D:13     | Killed Nessos
 31913 | D:13     | Noticed Rupert
 31916 | D:13     | Killed Rupert
 32038 | D:13     | Noticed Lodul
 32417 | D:13     | Killed Lodul
 32505 | D:13     | Noticed Kirke
 32506 | D:13     | Found a transporter.
 32544 | D:13     | Found a transporter.
 32793 | D:13     | Shot with a bolt by a yaktaur

Illustrated notes

Levels and vault maps discovered:
D:1:      dpeg_arrival_tiny_c, layout_rooms
D:2:      layout_basic, shapermc_ecumenical_altar_starsandcircs
D:3:      layout_basic, kennysheep_slug_shrine, nicolae_overflow_crystal_walls,
          guppyfry_early_orc_mine
D:4:      layout_cave_pods, lemuel_doored_altar, led_xom_imps
D:5:      minmay_angry_zag, layout_loops_corners, minmay_temple_entry_slanted,
          minmay_crystal_water, uniq_duvessa, uniq_blork_the_orc
D:6:      layout_rooms, nemelex_diamond_rough_becter, serial_shops,
          nicolae_shop_window_shopping, serial_bayou_pond_e, uniq_prince_ribbit1
D:7:      layout_loops_ring, fedhas_altar_decomposition, enter_ossuary_1
D:8:      gammafunk_boulding_lane, layout_cave_pools, elyvilon_altar_1,
          amcnicky_altar_gilded, serial_shops, shop_scrolls,
          nicolae_shop_advertising_works [nicolae_subvault_shop_adworks], shop,
          uniq_erica, uniq_gastronok
D:9:      layout_loops_ring, zin_treasury, nicolae_overflow_two_pavilions,
          hangedman_decor_peaks_small
D:10:     layout_loops_corners, gammafunk_temple_overflow_forgotten,
          minmay_lair_entry_grove, orc_0_dummy, hive_lemuel, uniq_erolcha,
          uniq_amaemon
D:11:     layout_irregular_city, serial_shops, nicolae_stop_n_shop_2,
          grunt_ministairs_8
D:12:     layout_gridville, hangedman_abyss_or_decor_stagger
D:13:     gammafunk_the_bubble [the_bubble_gammafunk_crates],
          layout_irregular_city, grunt_vaults_entry_fortified,
          nicolae_shop_unique_rings, uniq_lodul, uniq_snorg, uniq_kirke,
          uniq_rupert, uniq_nessos
Temple:   nicolae_temple_superstar
Lair:1:   layout_chaotic_city, gauntlet_entry_generic, grunt_megastairs_5
Lair:2:   beargit_carnivore_pack, layout_hall_layers, dummy_spider_entry,
          grunt_megastairs_4
Lair:3:   layout_roguey, nicolae_shoals_entry_flooding, serial_rivers,
          chequers_serial_rivers_marsh, chequers_serial_rivers_small_b,
          chequers_serial_rivers_large_a, chequers_serial_rivers_room_a,
          infiniplex_staircase_pool_2
Lair:4:   layout_hall_layers, minmay_slime_entry_oklob_open, lemuel_fruit_tree,
          serial_bayou_shore_b, serial_bayou_shore_a, lemuel_fruit_fields
Lair:5:   evilmike_catoblepas_cave, layout_cave_pods
Orc:1:    layout_caves
Orc:2:    st_orc_ogre_mass, layout_diamond_mine, basic_altar

Skill      XL: |  1  2  3  4  5  6  7  8  9 10 11 12 13 14 15 |
---------------+----------------------------------------------+-----
Hexes          | 4 5 6 7 8 10 12 14 | 14.5
Dodging        | 3 4 5 7 8 10 11 12 13 | 13.5
Short Blades   | 2 3 4 6 7 9 10 | 10.0
Spellcasting   | 3 4 5 6 8 9 10 11 12 | 12.6
Stealth        | 5 6 7 9 10 13 15 17 19 | 19.6
Fighting       | 1 2 3 4 5 6 7 8 |  8.7
Ice Magic      | 1 2 3 |  3.0
Invocations    | 1 3 5 6 7 |  7.0
Conjurations   | 2 |  2.0

Action                     |  1- 3 |  4- 6 |  7- 9 | 10-12 | 13-15 || total
---------------------------+-------+-------+-------+-------+-------++-------
  Melee: Dagger            |    67 |    99 |   308 |   451 |   690 ||  1615
         Punch             |       |       |     2 |     7 |    14 ||    23
  Throw: Throwing net      |       |     1 |     1 |       |       ||     2
   Cast: Ensorcelled Hiber |    12 |    31 |    67 |   123 |   120 ||   353
         Confusing Touch   |       |     3 |    26 |    22 |    49 ||   100
         Tukima's Dance    |       |     3 |     1 |     9 |    98 ||   111
         Cause Fear        |       |       |       |     2 |       ||     2
 Invoke: Shadow Step       |       |       |       |     5 |     3 ||     8
  Evoke: Wand              |       |       |       |       |     8 ||     8
    Use: Scroll            |     4 |     5 |    10 |    19 |     4 ||    42
         Potion            |       |     1 |     2 |    13 |     3 ||    19
   Stab: Distracted        |     1 |       |       |       |     2 ||     3
         Sleeping          |    15 |    27 |    72 |    94 |   108 ||   316
         Invisible         |       |     1 |       |       |       ||     1
         Confused          |       |     2 |    13 |    15 |    44 ||    74
         Held in net/web   |       |       |     1 |       |       ||     1
 Armour: Robe              |    12 |     8 |     9 |       |       ||    29
         Steam dragon scal |       |       |     6 |    39 |    57 ||   102
  Dodge: Dodged            |    39 |    67 |   212 |   335 |   446 ||  1099
